Map: Ghost River LE

Players

Zeratul

  • Race: Terran Terran
  • Spawn Location: 11:00

VOD

Have the link to the VOD?

Description

Time

  • Played on: Oct. 3, 2024, 7:36 p.m.
  • Length: 8:57
Show
View Real Time Build Order
Export as new Build Order

Zeratul Terran 

Build Orders:  

Get SALT Encoding   

  12  0:01  SCV  
  13  0:17  SCV  
  14  0:24  Supply Depot  
  14  0:34  SCV  
  15  0:54  SCV  
  15  0:56  Barracks  
  16  1:03  Refinery  
  16  1:11  SCV  
  17  1:28  SCV  
  18  1:45  SCV  
  19  2:03  Orbital Command  
  20  2:10  Reaper  
  20  2:21  Command Center  
  20  2:39  SCV  
  21  2:41  Supply Depot  
  21  2:50  Marine  
  21  2:56  SCV  
  23  3:00  Factory  
  23  3:13  SCV  
  23  3:15  Refinery  
  24  3:24  Refinery  
  24  3:25  Barracks Reactor  
  24  3:30  SCV  
  24  3:38  Barracks  
  25  3:47  SCV  
  26  4:03  Orbital Command  
  26  4:04  SCV  
  26  4:06  Factory Tech Lab  
  27  4:21  SCV  
  27  4:24  Starport  
  27  4:27  Stimpack  
  28  4:32  Marine x2  
  28  4:38  SCV  
  31  4:41  SCV  
  32  4:55  SCV  
  32  4:58  SCV  
  32  4:59  Factory Reactor  
  34  5:10  Marine  
  34  5:11  Marine  
  34  5:12  SCV  
  34  5:15  SCV  
  38  5:22  Supply Depot  
  38  5:29  SCV  
  42  5:32  SCV  
  43  5:40  Fusion Core  
  43  5:46  Refinery, SCV  
  43  5:49  SCV  
  45  5:54  Supply Depot  
  45  6:03  SCV  
  45  6:06  SCV  
  45  6:07  Factory Reactor  
  47  6:10  Starport  
  47  6:17  Marine  
  48  6:20  SCV  
  48  6:23  SCV  
  48  6:24  Unknown  
  48  6:26  Supply Depot  
  50  6:36  Supply Depot  
  50  6:37  SCV  
  54  6:40  SCV  
  54  6:43  Barracks  
  55  6:53  SCV  
  55  6:57  SCV  
  57  7:02  Marine  
  58  7:17  Barracks  
  58  7:18  Factory Reactor  
  58  7:21  Marine x2  
  60  7:36  Unknown  
  60  7:37  Barracks  
  66  7:59  Marine  
  67  8:01  Medivac  
  67  8:02  Medivac  
  67  8:07  Marine x2, Supply Depot  
  73  8:20  Supply Depot  
  73  8:21  Marine x2  
  73  8:24  Marine  
  73  8:27  Barracks Reactor  
  76  8:39  Unknown  
  78  8:41  Unknown x2  
  78  8:46  Barracks Reactor  
Tags
 
Add a new tag
Caveats
  • Supply blocks, unpowered buildings, or Contaminate may cause inaccurate times.
  • Supply counts are checked every 10 seconds.